 Dungeon Crawl Stone Soup version 0.30-a0-953-g5f1da4a474 (webtiles) character file.

Game seed: 13553347224412592049

26 NotreDorf the Shield-Bearer (level 2, 0/29 HPs)
             Began as a Troll Fighter on Mar 29, 2023.
             Killed from afar by Terence (16 damage)
             ... with a bolt of light
             ... on level 2 of the Dungeon.
             The game lasted 00:03:12 (1055 turns).

NotreDorf the Shield-Bearer (Troll Fighter)         Turns: 1055, Time: 00:03:13

Health: 0/29       AC:  9    Str: 23    XL:     2   Next: 89%
Magic:  1/1        EV: 12    Int:  4    God:
Gold:   85         SH:  7    Dex:  9    Spells: 1/1 levels left

rFire   . . .      SeeInvis .      - Unarmed
rCold   . . .      Faith    .    b - +0 kite shield
rNeg    . . .      Spirit   .    k - +0 swamp dragon scales
rPois   +          Reflect  .    (helmet restricted)
rElec   .          Rampage  .    (no cloak)
rCorr   .                        (gloves unavailable)
Will    .....                    (boots unavailable) Stlth
                                 (no amulet)
HPRegen 1.04/turn                j - +5 ring of evasion
MPRegen 0.07/turn                (no ring)

@: no status effects
A: large, unfitting armour, claws 3, regeneration 1, shaggy fur 1, tough skin 1
a: no special abilities


You were on level 2 of the Dungeon.
You visited 1 branch of the dungeon, and saw 2 of its levels.

You collected 85 gold pieces.

Inventory:

Missiles
 m - 24 stones (quivered)
Armour
 b - a +0 kite shield (worn)
 k - +0 swamp dragon scales (worn)
Jewellery
 j - a +5 ring of evasion (left claw)
Scrolls
 a - a scroll of teleportation {unknown}
 f - a scroll of vulnerability {unknown}
 g - 2 scrolls of identify {unknown}
 h - a scroll of immolation {unknown}
 n - a scroll of fog {unknown}
Potions
 c - 2 potions of might
 d - a potion of degeneration {unknown}
 e - 2 potions of ambrosia {unknown}
 i - a potion of mutation {unknown}
 l - a potion of curing {unknown}


   Skills:
 + Level 2.7 Fighting
 + Level 0.0 Throwing
 + Level 0.0 Armour
 - Level 2.6 Dodging
 + Level 3.0 Shields
 + Level 2.4 Unarmed Combat


You had one spell level left.
You didn't know any spells.
Your spell library contained the following spells:

 Spells                   Type           Power      Damage    Failure   Level
 Ozocubu's Armour         Ice            0%         N/A       100%        3
 Ozocubu's Refrigeration  Ice            0%         4d7       100%        7


Dungeon Overview and Level Annotations

Branches:
Dungeon (2/15)

Altars:

Shops:
D:2 (

Annotations:
D:2 Terence


Innate Abilities, Weirdness & Mutations

You are too large for most types of armour.
You have claws for hands.
Your natural rate of healing is unusually fast.
You are covered in fur. (AC +1)
You have tough skin. (AC +1)


Message History

You kill the rat!
You block the rat's attack.
You claw the rat!
You kill the rat!
No target in view!
n - a scroll labelled TOUWUKK QORR
There is an open door here.
Done exploring.
Done exploring.
(D) Dungeon
Where to? (Enter - D:1 @ (x,y), ? - help)
There is a stone staircase leading down here.
You climb downwards.
There is a stone staircase leading up here.
You see here a frilled lizard skeleton.
There is an entrance to Aptedo's Weapon Emporium here.
You see here a +0 spear.
Found a robe.
Found a leather armour.
You see here a +0 robe.
Terence the Incautious comes into view.
He is wielding a +0 mace, wearing a +0 scale mail of fire resistance and carrying a wand of light (11).
Terence shouts!
Terence zaps a wand.
The bolt of light hits you.
You scratch Terence.
Terence is moderately wounded.
Terence hits you but does no damage.
You scratch Terence but do no damage.
Terence is moderately wounded.
You block Terence's attack.
You scratch Terence.
Terence is heavily wounded.
Terence closely misses you.
You barely miss Terence.
Terence is heavily wounded.
Terence zaps a wand.
The bolt of light hits you!
You scratch Terence.
Terence is heavily wounded.
Terence zaps a wand.
The bolt of light hits you!
Ouch! That really hurt!
You die...

#######
......
#....#
#....#
....#
... #@#
#@##
#..##
#...#
#...#
#...##
##...#
#...##
##...#
#...##


You could see Terence.

Vanquished Creatures
  A dart slug (D:1)
  4 ball pythons (D:1)
  4 bats (D:1)
  2 endoplasms
  3 hobgoblins (D:1)
  2 kobolds
  A frilled lizard (D:2)
  2 goblins (D:1)
  6 rats (D:1)
25 creatures vanquished.

Notes
Turn   | Place    | Note
-------+----------+-------------------------------------------
     0 | D:1      | NotreDorf the Troll Fighter began the quest for the Orb.
     0 | D:1      | Reached XP level 1. HP: 22/22 MP: 0/0
   107 | D:1      | You fall into a shaft and drop 1 floor!
   133 | D:2      | Reached XP level 2. HP: 28/29 MP: 1/1
   152 | D:2      | Found Aptedo's Weapon Emporium.
   740 | D:1      | Reached skill level 3 in Shields
  1047 | D:2      | Noticed Terence
  1055 | D:2      | Killed from afar by Terence

Illustrated notes

Levels and vault maps discovered:
D:1:      dpeg_arrival_ratfight, layout_basic
D:2:      layout_basic, serial_curves, eino_curves_03, eino_curves_01,
          serial_shops, shop, minmay_diced_spiral, uniq_terence

Skill      XL: |  1  2 |
---------------+-------+-----
Shields        | 3 |  3.0
Fighting       | |  2.7
Dodging        | |  2.6
Unarmed Combat | |  2.4

Action                     || total
---------------------------++-------
  Melee: Unarmed           ||    59
   Stab: Sleeping          ||     1
 Armour: Robe              ||     5
         Swamp dragon scal ||     7
  Dodge: Dodged            ||    23
  Block: Kite shield       ||    19

Table legend: (Time is in decaauts)
 A = Elapsed time spent in this place.
 B = Non-inter-level travel time spent in this place.
 C = Inter-level travel time spent in this place.
 D = Time resting spent in this place.
 E = Time spent auto-exploring this place.
 F = Levels seen in this place.
 G = Mean time per level.
                   A        B        C        D        E       F      G
               +--------+--------+--------+--------+--------+-----+--------+
         Total |   1059 |   1008 |     51 |      0 |    801 |   2 |  529.5 |
       Dungeon |   1059 |   1008 |     51 |      0 |    801 |   2 |  529.5 |
               +--------+--------+--------+--------+--------+-----+--------+

Top non-repeatable levels by time:
     D:1: 826 daAuts
     D:2: 233 daAuts
